 Dungeon Crawl Stone Soup version 0.28-a0-1510-gd0f6b136d3 (webtiles) character file.

Game seed: 11321913329449248205

128 Hasart the Insei (level 5, -1/34 HPs)
             Began as an Octopode Transmuter on Jan 14, 2022.
             Slain by an orc wizard (5 damage)
             ... on level 4 of the Dungeon.
             The game lasted 00:03:39 (3026 turns).

Hasart the Insei (Octopode Transmuter)              Turns: 3026, Time: 00:03:40

Health: -1/34      AC:  1    Str:  9    XL:     5   Next: 12%
Magic:  8/8        EV: 13    Int: 18    God:
Gold:   152        SH:  0    Dex: 12    Spells: 6/9 levels left

rFire   . . .      SeeInvis .     - Unarmed
rCold   . . .      Faith    .   (no shield)
rNeg    . . .      Spirit   .   (helmet restricted)
rPois   .          Reflect  .   (no amulet)
rElec   .          Harm     .   (no ring)
rCorr   .          Rampage  .   (no ring)
Will    .....                   (no ring)
Stlth   ++........              (no ring)
HPRegen 0.11/turn               (no ring)
MPRegen 0.11/turn               (no ring)
                                (no ring)
                                (no ring)

@: confused
A: almost no armour, amphibious, 8 rings, camouflage 1, gelatinous body 1,
(nimble swimmer 1), tentacles
a: no special abilities


You were on level 4 of the Dungeon.
You visited 1 branch of the dungeon, and saw 4 of its levels.

You collected 152 gold pieces.

Inventory:

Missiles
 d - 2 silver boomerangs (quivered)
Jewellery
 n - an amulet of guardian spirit
Wands
 e - a wand of flame (17)
 j - a wand of paralysis (13)
Scrolls
 a - 2 scrolls of enchant armour {unknown}
 b - 3 scrolls of teleportation {unknown}
 f - a scroll of amnesia {unknown}
 h - a scroll of torment {unknown}
 i - a scroll of vulnerability {unknown}
Potions
 c - a potion of degeneration {unknown}
 g - 2 potions of flight {unknown}
 k - a potion of invisibility {unknown}
 l - a potion of heal wounds {unknown}
 m - a potion of mutation {unknown}


   Skills:
 + Level 1.9 Fighting
 + Level 1.2 Throwing
 + Level 2.5 Dodging
 * Level 4.0 Unarmed Combat
 + Level 2.5 Spellcasting
 + Level 2.6 Transmutations


You had 6 spell levels left.
You knew the following spells:

 Your Spells              Type           Power      Damage    Failure   Level
a - Beastly Appendage     Tmut           22%        N/A       6%          1
b - Wereblood             Tmut           11%        N/A       9%          2

Your spell library contained the following spells:

 Spells                   Type           Power      Damage    Failure   Level
 Summon Small Mammal      Summ           8%         N/A       17%         1
 Spider Form              Tmut/Pois      6%         N/A       30%         3
 Call Canine Familiar     Summ           2%         N/A       45%         3
 Summon Guardian Golem    Hex/Summ       2%         N/A       45%         3
 Ice Form                 Ice/Tmut       6%         N/A       69%         4


Dungeon Overview and Level Annotations

Branches:
Dungeon (4/15)
 Temple: D:4-7

Altars:
Yredelemnul


Innate Abilities, Weirdness & Mutations

You cannot wear most types of armour.
You are amphibious.
You can wear up to eight rings at the same time.
Your skin changes colour to match your surroundings (Stealth+).
Your rubbery body absorbs attacks. (AC +1, EV +1)
((You are camouflaged when in or above water. (Stealth+)))
You have tentacles for arms and can constrict up to eight enemies at once.


Message History

The orc wizard flickers and vanishes!
Deactivating autopickup; reactivate with Ctrl-A.
You closely miss the hobgoblin. You grab the hobgoblin.
You constrict the hobgoblin, but do no damage.
The hobgoblin closely misses you.
You tentacle-slap the hobgoblin.
The hobgoblin is moderately wounded.
You constrict the hobgoblin, but do no damage.
The hobgoblin completely misses you.
You tentacle-slap the hobgoblin.
The hobgoblin is heavily wounded.
You constrict the hobgoblin. The hobgoblin hits you.
You tentacle-slap the hobgoblin.
You kill the hobgoblin!
The orc completely misses you.
You tentacle-slap the orc. Your grab misses the orc. You squeeze the orc.
You kill the orc!
You tentacle-slap something. Something hits you.
You miss something. Something hits you.
You miss something. Something hits you.
You tentacle-slap something. Your squeeze misses something.
You hear some strange, mumbled words.
A puff of flame appears from out of thin air!
The puff of flame hits you.
You barely miss something. Something hits you.
You barely miss something.
You hear some strange, mumbled words.
You are confused.
You bump into the rock wall.
Something hits you.
* * * LOW HITPOINT WARNING * * *
You closely miss something. Your squeeze misses something. Something hits you.
* * * LOW HITPOINT WARNING * * *
You're too confused to move!
Something barely misses you.
You miss something. Your squeeze misses something.
You hear some strange, mumbled words.
You are more confused.
You bump into the rock wall.
Something hits you.
* * * LOW HITPOINT WARNING * * *
You bump into the rock wall.
Something hits you.
You die...

### ####.#######
#########
#...........
........#
#.##..###++
........###.....#
.......g{@.>##.##
........###.##.#
........#...##.##
........###.##..#
........#
#.##..######
........#
####.......#
........#
#.........#
........#
#....##.#.#
#.#..##.#.#


You could see a goblin.

Vanquished Creatures
  An orc priest (D:3)
  3 adders
  5 dart slugs
  11 orcs
  5 ball pythons
  2 endoplasms (D:2)
  2 giant cockroaches
  A goblin (D:3)
  3 hobgoblins
  7 kobolds
  2 quokkas
  3 bats
  4 frilled lizards
  6 rats
55 creatures vanquished.

Notes
Turn   | Place    | Note
-------+----------+-------------------------------------------
     0 | D:1      | Hasart the Octopode Transmuter began the quest for the Orb.
     0 | D:1      | Reached XP level 1. HP: 13/13 MP: 3/3
   425 | D:1      | Reached XP level 2. HP: 18/18 MP: 5/5
   429 | D:1      | Learned a level 2 spell: Wereblood
  1088 | D:2      | Reached XP level 3. HP: 7/23 MP: 6/6
  1962 | D:2      | You fall into a shaft and drop 1 floor!
  2024 | D:3      | Reached XP level 4. HP: 23/28 MP: 7/7
  2043 | D:3      | Reached skill level 1 in Throwing
  2622 | D:3      | Found a basalt altar of Yredelemnul.
  2897 | D:4      | Reached skill level 4 in Unarmed Combat
  2898 | D:4      | Reached XP level 5. HP: 29/34 MP: 5/8
  3026 | D:4      | Slain by an orc wizard

Illustrated notes

Levels and vault maps discovered:
D:1:      doesnt_arrival_eight_statues, layout_loops_ring
D:2:      layout_rooms
D:3:      layout_loops_cross, mainiacjoe_overflow_tiny_flanked,
          minmay_misc_feat_more_columns, minmay_ruptured
D:4:      minmay_diamond_boxcup, layout_basic,
          mainiacjoe_overflow_small_starburst, mainiacjoe_overflow_alcove_4,
          minmay_cupped

Skill      XL: |  1  2  3  4 |
---------------+-------------+-----
Throwing       | 1 |  1.2
Unarmed Combat | 4 |  4.0
Fighting       | |  1.9
Dodging        | |  2.5
Spellcasting   | |  2.5
Transmutations | |  2.6

Action                   |  1- 3 |  4- 6 || total
-------------------------+-------+-------++-------
Melee: Unarmed           |    72 |    54 ||   126
       Tentacles         |    13 |     8 ||    21
       Constrict         |    22 |    15 ||    37
       Punch             |     3 |       ||     3
       Kick              |       |     7 ||     7
 Cast: Beastly Appendage |     1 |     2 ||     3
       Wereblood         |       |     2 ||     2
 Stab: Sleeping          |     3 |     3 ||     6
Armor: Skin              |     6 |     1 ||     7
Dodge: Dodged            |    47 |    27 ||    74

Table legend: (Time is in decaauts)
 A = Elapsed time spent in this place.
 B = Non-inter-level travel time spent in this place.
 C = Inter-level travel time spent in this place.
 D = Time resting spent in this place.
 E = Time spent auto-exploring this place.
 F = Levels seen in this place.
 G = Mean time per level.
                   A        B        C        D        E       F      G
               +--------+--------+--------+--------+--------+-----+--------+
         Total |   3021 |   2878 |    143 |    421 |   2052 |   4 |  755.2 |
       Dungeon |   3021 |   2878 |    143 |    421 |   2052 |   4 |  755.2 |
               +--------+--------+--------+--------+--------+-----+--------+

Top non-repeatable levels by time:
     D:1: 1206 daAuts
     D:3: 860 daAuts
     D:2: 808 daAuts
     D:4: 145 daAuts
